[Event "44th Chess Olympiad Open 2022"]
[Site "Chennai"]
[Date "2022.08.06"]
[Round "8.13"]
[White "Markus, Robert"]
[Black "Kjartansson, Gudmundur"]
[Result "1-0"]
[WhiteElo "2616"]
[BlackElo "2448"]
[Annotator "TA"]
[PlyCount "53"]
[EventDate "2022.??.??"]
[TimeControl "60"]

1. Nf3 d5 2. g3 g6 3. Bg2 Bg7 4. O-O e5 5. d3 Ne7 6. Nbd2 O-O 7. c3 c5 8. e4 Nbc6 {[%emt 0:00:03] has lost popularity (8...d4).} 9. exd5 Nxd5 10. Re1 Qc7 {[%emt 0:00:
00] A08: King's Indian Attack.} 11. Qb3 Nde7 12. Nc4 Bf5 {[%emt 0:00:00] [#]
The position is equal.} 13. Be3 $146 (13. Nfxe5 $5 Nxe5 14.
Bf4 $11) ({Predecessor:} 13. Bg5 Rad8 14. Nfd2 Rxd3 15. Ne4 b6 16. Qb5 Rdd8 {
½-½ (16) Rodriguez Vila,A (2500)-Andres Mendez,M (2382) Vicente Lopez 2001})
13... Bxd3 (13... b6 $1 $11) 14. Bxc5 $14 Na5 ({Better is} 14... Rac8 $14) 15. Nxa5 $16 {[%emt 0:00:00]
White is more active.} Qxc5 16. Nxb7 Qc7 {
[%emt 0:00:47] [#] And now ...Rab8 would win.} 17. Qa3 $1 e4 (17... Qxb7 $2 18. Nxe5 Qa6 19. Qxe7 $18 (19. Bxa8
Qxa3 20. bxa3 Rxa8 $16)) (17... Nf5 $16 {might work better.}) 18. Nc5 $18 exf3 19. Nxd3 fxg2 20. Qxe7 ({Resist} 20. Rxe7 Qc4) 20... Qxe7 21. Rxe7 Rfd8 22. Re3 Rd6 23. Rae1 ({Don't take} 23. Kxg2 Bh6 24.
f4 Rad8) 23... Kf8 24. Kxg2 Rb8 25. R1e2 Ra6 $2 {[%emt 0:05:43] [#]} (25... Bf6 {was
called for.} 26. Ne5 Rc8) 26. Nc5 Rd6 {[%emt 0:00:20] Against
Nd7+} 27. Re7 {[%emt 0:01:04] White took control after the opening. Weighted
Error Value: White=0.02 (flawless) /Black=0.37} 1-0

[Event "44th Chess Olympiad Open 2022"]
[Site "Chennai"]
[Date "2022.08.06"]
[Round "8.13"]
[White "Stefansson, Hannes"]
[Black "Ivic, Velimir"]
[Result "1/2-1/2"]
[WhiteElo "2541"]
[BlackElo "2581"]
[Annotator "TA"]
[PlyCount "103"]
[EventDate "2022.??.??"]
[TimeControl "60"]

1. e4 c5 2. Nf3 Nc6 3. Bb5 g6 4. Bxc6 bxc6 5. O-O Bg7 6. Re1 Qc7 {[%emt 0:00:44] B31:
Sicilian: 2...Nc6 3 Bb5 g6.} 7. h3 d6 8. c3 Nf6 9. d4 cxd4 10. cxd4 O-O 11. Nc3 c5 12. e5 dxe5 13. dxe5 Rd8 14. Qe2 Nd5 15. Nxd5 Rxd5 16. Bf4 {[%emt 0:02:56] 
[#]} Bf5 $146 ({Predecessor:} 16... Bb7 17. Rac1 Qb6 18. Rc3
Rad8 19. Rb3 Qc6 20. Qb5 Qxb5 21. Rxb5 R8d7 22. e6 fxe6 {½-½ (32) Ghukasyan,
S (2168)-Buksa,N (2409) Sitges 2021}) 17. Rad1 Qb7 18. Rxd5 Qxd5 19. b3 Rd8 20. Qe3 a5 21. Rc1 (21. Bg5 $5 ) 21... Rc8 22. Nd2 a4 23. Nc4 {[%emt 0:01:54] [#] aiming for
Nb6.} axb3 24. axb3 ({Don't play} 24. Nb6 Qb7
25. Qxb3 (25. Nxc8 $2 b2 $19) 25... Be6 $17) 24... Qb7 {[%emt 0:06:15]
Prevents Nb6.} 25. Nd2 Qd5 26. Rc4 Bd3 27. Rc3 Ba6 28.
Rc1 Bb7 {[%emt 0:06:33][%csl Gb7][%cal Rd5g2] [#]} 29. Nf3 f6 30. exf6 exf6 31. Qc3 Qd7 32. Re1 g5 33. Bg3 h5 34. h4 (34. Nd2 {is more complex.} h4 35. Bh2 Qd5 36. Qc4) 34... g4 35. Nd2 Kh8 (
35... Qd5 {keeps more tension.} 36. Qc4 Bf8 37. Rd1 Kh7) 36. Bf4 {[%emt 0:02:
06] The position is equal.} Qf5 37. Qg3 Rd8 38. Be3 Bf8 {[%emt 0:02:31] Hoping for ...Bd6.
A strong pair of Bishops.} 39. Nc4 {[%emt 0:00:07] Prevents Bd6.} Ba8 40. Bc1 Kg8 41. Qc7 Qd5 42. Ne3 {[%emt 0:01:00] Active
counter play!} Qd6 43. Qxd6 Rxd6 44. Nc4 Rd3 45. Re8 {[%emt 0:01:22] Bh6
is the strong threat.} Bc6 46. Rc8 {[%emt 0:00:47] Strongly
threatening Bh6.} Bd7 47. Rd8 {[%emt 0:00:19] And now Bh6
would win.} Bf5 48. Rxd3 Bxd3 49. Nb6 Kf7 50. Nd7 Bc2 51. Nxf8 Kxf8 52. Ba3 {
[%emt 0:00:05] An even fight not without its subleties. Weighted Error Value:
White=0.04 (flawless) /Black=0.04 (flawless)} 1/2-1/2

[Event "44th Chess Olympiad Open 2022"]
[Site "Chennai"]
[Date "2022.08.06"]
[Round "8.13"]
[White "Gretarsson, Helgi Ass"]
[Black "Ivanisevic, Ivan"]
[Result "1/2-1/2"]
[WhiteElo "2472"]
[BlackElo "2561"]
[Annotator "TA"]
[PlyCount "148"]
[EventDate "2022.??.??"]
[TimeControl "60"]

1. c4 e5 2.
Nc3 Nf6 3. Nf3 Nc6 4. e3 d6 5. d4 Bd7 6. Be2 {[%emt 0:04:59] A28: English Opening: Four Knights
Variation.} g6 7. d5 Ne7 8.
c5 {[%emt 0:00:27] White is slightly better.} Bg7 9. cxd6 cxd6 10. e4 O-O 11. Nd2 Ne8 12. a4 f5 13. Nc4 fxe4 14.
Nxe4 Nf5 {[%emt 0:00:06] [#]} 15. Bg5 $146 ({
Predecessor:} 15. O-O Nd4 16. Be3 Bf5 17. Ng3 Rc8 18. Bxd4 exd4 19. Qb3 Rc7 20.
Nxf5 gxf5 {1-0 (39) Alburt,L (2570)-Shirazi,K (2455) Los Angeles 1987}) 15...
Qb8 16. O-O Nf6 17. Bxf6 Bxf6 18. g4 Nd4 19. Ncxd6 Be7 20. Nb5 Bxb5 21. axb5 Rf4 22. f3 Bd8 23. Kg2 Bb6 24. Bd3 Qf8 25. Ra4 Kh8 26. Nc3 Rd8 27. Be4 Qc5 28. Qd3 Rc8 29. Ne2 Nc2 30. Kh3 ({
White has to play} 30. Nxf4 $16 Ne3+ 31. Kh1 Nxf1 32. Nxg6+ (32. Qxf1 exf4 33.
Ra1 Kg7 $14) 32... hxg6 33. Qxf1) 30... Rff8 $11 {[%emt 0:01:58] Threatening ..
.Qe7.} 31. d6 {[%emt 0:04:21] Prevents Qe7. Black must now prevent d7.} ({
Of course not} 31. Rc1 Qf2 $1 32. Nc3 (32. Rxc2 Qf1+ 33. Kh4 g5+ 34. Kh5 Qh3+
35. Kxg5 Bd8#) 32... Ne1 $19) 31... Nd4 32. Nxd4 exd4 33. Bxb7 Rcd8 34.
Qa3 (34. Be4 $11 {remains equal.}) 34... Qxb5 $17 35. Ba6 Qe5 36. Bd3 $2 (36. Kg2 $17) 36... Rxd6 (36... h5 $142 {aiming for ...hxg4+.}
37. Kg2 hxg4) 37. Kg2 $19 Rdf6 38. Be4 $2 (38. Rxa7 Bxa7 39. Qxa7) 38... h5 39. gxh5 (39. Rc4 hxg4 40. Qd3) 39... gxh5 {[%emt 0:02:25] ( -> ...Rg8+)
} 40. Qd3 Bc7 $2 (40... Rf4 $1 $19 {[%cal
Rf4h4] Hoping for ...Rh4.} 41. Rf2 Rh4) 41. Rh1 Qg5+ 42. Kf2 Rg8 {[%emt 0:00:34] And now ...Qg2+ would win.
} 43. Ke1 Qc1+ 44. Qd1 Qe3+ 45. Qe2 Bb6 $1 ({Worse is} 
45... Qc1+ 46. Qd1 Qg5 47. Qd2 $17) 46. Kd1 {[%emt 0:12:22] [#] Prevents Qc1+.}
Rc8 $1 ({Much weaker is} 46... Qb3+ $6
47. Qc2 Qxc2+ 48. Kxc2 $11) 47. Qxe3 dxe3 48.
Ra3 Rd8+ (48... Rf7 $142 49. h4 Rd8+ 50. Rd3
Rxd3+ 51. Bxd3 Rxf3) 49. Rd3 $17 Rxd3+ 50.
Bxd3 Rxf3 {[%emt 0:00:08] Endgame KRB-KRB} 51. h3 h4 52. Be2 Rg3 53. Kc2 ({White should try} 53. Bg4) 53... Kg7 54.
Kd3 Kg6 55. b3 {[%emt 0:00:18] [#]} Kg5 (55... Rg2 $142 $1 56. Rf1 Rh2) 56. Ke4 Rg2 57. Bc4 Rg3 58.
Be2 $1 Kf6 59. Rf1+ Ke7 60. Bg4 Rg2 61. Kd3 Rd2+ 62. Kc3 $1 Bd4+ 63. Kc4 Bf6 ({Black should play} 63... Kd6
$15) 64. Rf4 $11 {[%emt 0:00:07] The position is equal.} Rc2+ 65. Kd5 Rc3 66. Ra4 Rxb3 67. Rxa7+ Kf8 68. Ke6 Bd4 69. Rf7+ Kg8 {[%emt 0:00:
08] ...Rb6+ is the strong threat.} 70. Rd7 Bg7 71. Kf5 Rb5+ 72. Kg6 {[%emt 0:
00:31] White threatens Rd8+ and mate.} Rb6+ 73. Kg5 Bf6+ 74. Kf4 Kf8 {[%emt 0:00:48]
Whites escaped into a draw. Weighted Error Value: White=0.30/Black=0.24 
(precise)} 1/2-1/2

[Event "44th Chess Olympiad Open 2022"]
[Site "Chennai"]
[Date "2022.08.06"]
[Round "8.14"]
[White "Banikas, Hristos"]
[Black "Bersamina, Paulo"]
[Result "1/2-1/2"]
[WhiteElo "2598"]
[BlackElo "2429"]
[Annotator "TA"]
[PlyCount "72"]
[EventDate "2022.??.??"]
[TimeControl "60"]

1. d4 Nf6 2. c4 g6 3. Nc3 d5 4. Nf3 Bg7 5. e3 O-O 6. a3 b6 {[%emt 0:06:52] [#] D94: Grünfeld: 4 Nf3 Bg7 5 e3.} (6...
c5 $5) 7. Bd2 $146 ({Predecessor:} 7. Bd3 Bb7 8. O-O Nbd7 9.
b4 dxc4 10. Bxc4 c5 11. bxc5 bxc5 12. Rb1 cxd4 13. exd4 Nb6 14. Ba2 {0-1 (56)
Beytmashall,A (1728)-Ramezani,M (2156) Chess.com INT 2021}) 7... Bb7 8. Qc2 Nbd7 9. cxd5 Nxd5 10. Nxd5 Bxd5 11. Ba6 (11. e4 $11 Bb7 12. Rd1) 11... Bxf3 $15 12.
gxf3 e5 (12... c5 $17) 13. dxe5 $11 {[%emt 0:
00:00] The position is equal.} Nxe5 14. O-O-O {[%emt 0:00:11]
Hoping for Bb4.} Qh4 ({Resist} 14... Nxf3 15. Bb7 Nxd2 16.
Rxd2 $16) 15. f4 Nd7 16. Bb4 Nc5 17. Bc4 a5 18. Bxc5 bxc5 19. a4 $1 Rfd8 (19... Rfb8 $5 20. b3 Rd8 $11) 20. Rxd8+ Rxd8 21. Rd1 Rb8 22. b3 Qxh2 23. Rd2 Rf8 24.
Qd1 Qh4 25. Qf3 Qf6 {
[%emt 0:03:24] [#] ...Qa1+ is the strong threat.} 26. Kd1 {[%emt 0:00:56][%cal
Yc1d1,Yd1e2,Ye2f1,Yf1g2] Active counter play!} Rd8 27. Rxd8+ Qxd8+ {[%emt 0:00:03] Endgame KQB-KQB} 28. Ke2 Bc3 29. Qc6 Qd2+ 30. Kf1 Qd1+ 31. Kg2 Qg4+ 32. Kf1 Qd1+ 33. Kg2 Kg7 34. Qxc7 Qg4+ 35. Kf1 Qd1+ 36. Kg2 Qg4+ {[%emt 0:
00:03] Weighted Error Value: White=0.06 (flawless) /Black=0.07 (flawless)}
1/2-1/2

[Event "44th Chess Olympiad Open 2022"]
[Site "Chennai"]
[Date "2022.08.06"]
[Round "8.14"]
[White "Theodorou, Nikolas"]
[Black "Barcenilla, Rogelio"]
[Result "1-0"]
[WhiteElo "2575"]
[BlackElo "2463"]
[Annotator "TA"]
[PlyCount "113"]
[EventDate "2022.??.??"]
[TimeControl "60"]

1. d4 Nf6 2. c4 g6 3. Nf3 Bg7 4. g3 O-O 5. Bg2 d6 6. O-O Nc6 7. Nc3 a6 8. b3 {[%emt 0:00:
00] 8.Bf4 is the modern continuation.} Rb8 9. d5 Na5 {[%emt 0:00:06] E63: King's Indian: Fianchetto: Panno Variation with
7...a6.} 10. Bg5 b5 11. cxb5 axb5 {[%emt 0:00:05] White is slightly better.} 12. b4 $1 c5 13. bxa5 {[%emt 0:00:06] Hoping for a3.} Qxa5 {[%emt 0:00:06] 
[#]} 14. Rc1 $146 ({Predecessor:} 14. Qc2 b4 15. Bxf6 Bxf6 16.
Ne4 Bg7 17. Rad1 Ra8 18. Rd2 h6 19. g4 Bxg4 20. e3 {½-½ (45) Nicula,M (2186)
-Dukic,Z (2226) Kingston 2022}) 14... b4 15. Bxf6 Bxf6 16. Ne4 Bg7 17.
Rc2 Qa7 18. Ned2 Rb6 19. Qb1 (19. Nc4 $5 Ra6 20. a3
$14) 19... Ra6 20. Rfc1 Bd7 21. Bf1 Ra8 22. e4 Rxa2 23. Rxa2 Qxa2 24. Bc4 Qxb1 25. Rxb1 Ra3 26. Kg2 Bc3 27. Nb3 f6 28. h3 Ba4 (28... Kf7 $11) 29. Ng1 $14 f5 30. exf5 gxf5 31. Ne2 Bf6 32. Nf4 Bd7 33. Ne6 Bc3 34. Rd1 Kh8 35. g4 Ba4 36. Rb1 fxg4 37.
hxg4 h6 38. Kf3 Be8 39. Rh1 (39. Ke2 $16) 39... Ba4 $1 $11 40. Rb1 ({White should try} 40. Nc1 $11) 40...
Be8 $1 $16 {[%emt 0:00:06] A strong pair of Bishops.} 41. Ke3 {[%emt 0:34:59]
White now steadily converts the win.} Ba4 42. f4 Kg8 43. g5 hxg5 44. fxg5 Be5 45. Ke4 Be8 {[%emt 0:00:00] [#]} (45... Bg7 $16 {keeps
fighting.} 46. Kf4 Be5+ 47. Kf5 Bg7 48. Nxg7 Kxg7) 46. Kf5 $1 $18 Ra2 (46... Bg7 $142 47. Nexc5 dxc5) 47. Rf1 {[%emt 0:00:
00][%cal Yb3d4] And now Nbd4! would win.} Rc2 48. Bd3 Rc3 {[%emt 0:00:00] [#]} (48... Rg2 49. Nbxc5 Rg3) 49. Nbxc5 $1 Bh5 {[%emt 0:00:00] [#]} 50. Be4 $1 b3 (50... Re3 51. Nd7) 51. Nd3 Be2 {[%emt 0:00:
00] [#]} 52. Rf2 $1 {[%emt 0:01:06] White mates.} Bxd3 53.
Bxd3 b2 {[%emt 0:02:18] [#]} 54. Kg6 $1 Rc8 55. Rf1 Rb8 56. Bb1 Rc8 57. Rf7 {[%emt 0:00:48]
Weighted Error Value: White=0.04 (flawless) /Black=0.34} 1-0

[Event "44th Chess Olympiad Open 2022"]
[Site "Chennai"]
[Date "2022.08.06"]
[Round "8.14"]
[White "Paragua, Mark"]
[Black "Mastrovasilis, Dimitrios"]
[Result "1/2-1/2"]
[WhiteElo "2461"]
[BlackElo "2599"]
[Annotator "TA"]
[PlyCount "60"]
[EventDate "2022.??.??"]
[TimeControl "60"]

1. e4 e5 2.
Nf3 Nc6 3. Nc3 Nf6 4. d4 exd4 5. Nxd4 Bb4 6. Nxc6 bxc6 7. Bd3 d5 8. Bd2 O-O 9. O-O {[%emt 0:00:06] The position is equal.} Bxc3 {
[%emt 0:01:06] C47: Scotch Four Knights and Four Knights with 4 g3.} (9... Bd6
{keeps more tension.} 10. Bg5 h6 11. Bxf6 Qxf6 12. exd5 cxd5 13. Nxd5 Qxb2 14.
Qe1 Be6) 10. Bxc3 dxe4 $1 {[%emt 0:00:08] is more profitable
than 10...Nxe4 at the moment.} 11. Bxf6 {[%emt 0:00:04] [#] Remove Defender}
Qxf6 12. Bxe4 Qxb2 13. Bxc6 Rb8 14. Rb1 Qxb1 15. Qxb1 Rxb1 16. Rxb1 $11 {[%emt 0:
00:03] Endgame KRB-KRB} Rd8 17. Bf3 Kf8 {
[%emt 0:01:17] [#]} 18. Rb3 $146 ({Predecessor:} 18. Rb8 Re8
19. h4 Ba6 20. Rb3 Re5 21. Rc3 Re7 22. Ra3 Re6 23. Bd5 Rb6 24. Bb3 {1-0 (64)
Karjakin,S (2743)-Vidit,S (2727) Wijk aan Zee 2022}) 18... Be6 19. Rb7 c5 20. Rc7 Bxa2 21. Rxc5 Be6 22. Ra5 Rd2 23. Rxa7 Rxc2 {[%emt 0:
00:06] [#] ( -> ...Rc1+)} 24. h4 g6 25. g3 Kg7 26. Kg2 h5 27. Ra6 Rb2 28. Ra5 Rb4 29. Rc5 Rb2 30. Ra5 Rb4 {[%emt 0:00:06] An interesting draw. Weighted Error Value:
White=0.02 (flawless) /Black=0.03 (flawless)} 1/2-1/2

[Event "44th Chess Olympiad Open 2022"]
[Site "Chennai"]
[Date "2022.08.06"]
[Round "8.14"]
[White "Gomez, John Paul"]
[Black "Mastrovasilis, Athanasios"]
[Result "1/2-1/2"]
[WhiteElo "2451"]
[BlackElo "2527"]
[Annotator "TA"]
[PlyCount "60"]
[EventDate "2022.??.??"]
[TimeControl "60"]

1. e4 e5 2. Nf3 Nc6 3. Bb5 Nf6 4. O-O Nxe4 5.
Re1 Nd6 6. Nxe5 Be7 7. Bf1 Nxe5 8. Rxe5 O-O 9. d4 Bf6 10.
Re1 Re8 {[%emt 0:00:10] The position is equal. C67: Ruy Lopez:
Berlin Defence: 4 0-0 Nxe4.} 11. Rxe8+ Nxe8 12. c3 d5 13. Bd3 g6 14. Bf4 c6 15. Nd2 Ng7 16. Nf3 Bf5 17.
Be5 Bxd3 {[%emt 0:14:26] [#]} 18. Qxd3 $146 (
{Predecessor:} 18. Bxf6 Qxf6 19. Qxd3 Re8 20. Re1 Rxe1+ 21. Nxe1 Qe7 {½-½ 
(21) Ramirez Alvarez,A (2552)-Bruzon Batista,L (2650) Medellin 2017}) 18... Qe7 19. Bxf6 Qxf6 20. Re1 Re8 21. Rxe8+ Nxe8 $11 {
[%emt 0:00:11] Endgame KQN-KQN} 22. Qe2 Nd6 23. Qe5 Kg7 24. Qxf6+ Kxf6 {
[%emt 0:00:10] KN-KN} 25. Ne5 Ke6 26. Kf1 f6 27. Nd3 h5 28. Ke2 g5 29. Kf3 a5 30. Nc5+ Ke7 {[%emt 0:01:24] Not much
happened in this game. Weighted Error Value: White=0.02 (flawless) /Black=0.02
(flawless)} 1/2-1/2

[Event "44th Chess Olympiad Open 2022"]
[Site "Chennai"]
[Date "2022.08.06"]
[Round "8.15"]
[White "Lodici, Lorenzo"]
[Black "Macovei, Andrei"]
[Result "1-0"]
[WhiteElo "2553"]
[BlackElo "2478"]
[Annotator "TA"]
[PlyCount "101"]
[EventDate "2022.??.??"]
[TimeControl "60"]

1. f4 Nh6 2. Nf3 d5 3. g3 g6 4. Bg2 Bg7 5. d3 O-O 6. O-O d4 {
[%emt 0:06:52] A03: Bird's Opening with 1...d5.} 7. c3 c5 8. e4 Nc6 {[%emt 0:00:00] 
[#] The position is equal.} 9. e5 $146 ({Predecessor:} 9. h3
dxc3 10. bxc3 b6 11. g4 Kh8 12. e5 {½-½ (12) Vavra,P (2350)-Simacek,P (2502)
Czech Republic 2019}) 9... Bf5 10. c4 Qd7 11. Na3 Nb4 12. Ne1 f6 13. exf6 $1 exf6 14. Nac2 Nc6 15. Rb1 Rfe8 16. b4 Bf8 17. b5 Nd8 18. Bf3 Ndf7 19. Ng2 (19. Bd5 Bg4 20. Bf3 Nd6 $17) 19... Nd6 20. a4 Kg7 21. a5 a6 22. Ba3 Rec8 23. b6 Ndf7 24. Na1 Re8 25. Nb3 Rac8 26. Qd2 Bg4 27. Bxg4 Nxg4 28. Rbe1 (28. Rfe1 $11) 28... Ne3 29. Nxe3 dxe3 30. Qc3 ({Much weaker is} 30. Rxe3 Rxe3 31. Qxe3 Qa4 32. Nxc5 Qxa3 33.
Ne6+ (33. Nxb7 $2 Rxc4 34. Rf3 Rc2 $19) 33... Kg8 $17) 30... Rcd8 $2 ({Don't play} 30... e2 31. Rf2 $16) (30... Nh6 $1 $15 {keeps the upper
hand.}) 31. Bxc5 $16 Qxd3 32. Bxf8+ Kxf8 33. Qxd3 Rxd3 34. Nc5 Rd4 {[%emt 0:01:36] This costs Black
the game.} (34... e2 $16 35. Nxd3 exf1=Q+ 36. Rxf1 Rc8) 35. Nxb7 $18 Rxc4 {[%emt 0:00:04] [#] White must now prevent ...Re7.} 36. Rc1 $1 Rb4 37. Rb1 Ree4 (37... Rd4 $142 38. Nc5 Rd5) 38. Rfc1 {[%emt 0:01:15] aiming for Nc5.}
Rec4 39. Kg2 Rxb1 40. Rxb1 {
[%emt 0:00:01] Endgame KRN-KRN} Ke8 $2 {[%emt 0:01:38] [#]} (40... Rc2+ {
is a better defense.} 41. Kf3 e2) 41. Nc5 $1 {[%emt 0:30:53] Strongly
threatening b7.} Nd8 (41... Nd6 42. Nxa6) 42. b7 Nxb7 43. Nxb7 {[%emt 0:00:00] Hoping for Nd6+. KRN-KR}
Kd7 {[%emt 0:02:25] Inhibits Nd6.} 44. Kf3 Rc3 (44... e2 $142 45. Kxe2 Kc7) 45. Rb6 Rc6 46. Rb3 Kc7 47. Kxe3 Rc2 (47... Rc4 $142 48. Kd2 Rd4+ 49. Kc3 Ra4)
48. h4 {[%emt 0:00:00] White is clearly winning.} Ra2 49. Kd4 Kc6 50. Rb6+ Kc7 51. Nc5 {[%emt 0:00:00] Weighted Error Value: White=0.21 (precise) /
Black=0.32} 1-0

[Event "44th Chess Olympiad Open 2022"]
[Site "Chennai"]
[Date "2022.08.06"]
[Round "8.15"]
[White "Brunello, Sabino"]
[Black "Ceres, Dragos"]
[Result "1/2-1/2"]
[WhiteElo "2520"]
[BlackElo "2378"]
[Annotator "TA"]
[PlyCount "89"]
[EventDate "2022.??.??"]
[TimeControl "60"]

1. d4 d5 2. c4 e6 3. Nc3 h6 4. Nf3 Nf6 5. g3 Bd6 6. Bg2 {[%emt 0:01:04] D37: Queen's Gambit Declined: 5 Bf4.}
Nc6 7. O-O O-O 8. c5 {
[%emt 0:05:09] White is slightly better.} Be7 9. Rb1 Ne4 10. Qc2 e5 11.
Nxe4 (11. Nxe5 {looks sharper.} Nxd4 12. Qd3 Bxc5 13. Be3)
11... dxe4 12. Qxe4 {[%emt 0:00:05] Threatens to win with d5.}
({Don't play} 12. Nxe5 Nxd4 13. Qd1 (13. Qxe4 $2 Bf5 $19) 13... Bf6 $17) 12...
f5 {[%emt 0:02:21] [#]} ({Better is} 12... exd4 $11 13. b4 Re8) 13. Qe3 $146 ({Predecessor:} 13. Qc2 e4 14. Ne5 Nxd4 15. Qd1 Bxc5 16. b4 Bb6
17. e3 Ne6 18. Bb2 Qxd1 19. Rfxd1 {½-½ (28) Kowalski,I (2356)-Torngren,G 
(2282) Krakow 2022}) 13... e4 14. Nd2 (14.
Qb3+ $1 $14 {was forced to keep a grip.} Kh7 15. d5) 14... Be6 $17 ({Not} 14... Nxd4 15. Nb3 Nc6 16. Bd2 $15) 15. b4 Bg5 ({Much weaker is} 15... Nxd4 $6 16. Bb2 Bf6 17.
Nxe4 fxe4 18. Rfd1 $11) 16. f4 Bf6 17. Nb3 Nxd4 18. Bb2 Bxb3 19. axb3 {[%emt 0:00:21] aiming for Rbd1.} Nc2 20. Qc1 {[%emt 0:00:30] And now Rd1 would win.} Bd4+ ({Black should try} 20... Nxb4 $15 21. Rd1 Nd5) 21. Kh1 $1 $14 Ne3 {[%emt 0:00:10] [#] Prevents Rd1.} 22. Rd1 Bxb2 (22... Nxd1 $2 23. Qc4+ Rf7 24. Bxd4 $18) 23. Qxe3 Qf6 24. g4 Rad8 (24... Qc3 $11 25. Qxc3 Bxc3) 25. Rxd8 $16 Rxd8 26. gxf5 c6 27. Qxe4 a6 28. Qe6+ (28. Bf3 $14) 28...
Kf8 29. e4 Qxe6 30. fxe6 $11
{[%emt 0:00:01] Endgame KRB-KRB} Rd2 31. e5 Rc2 32. Be4 Rc1+ 33. Kg2 Rxb1 34. Bxb1 {[%emt 0:00:01] KB-KB} Ke7 35. Kf3 Kxe6 36. Kg4 Bc3 {[%emt 0:00:31] [#]} (36... Ke7 $14) 37. Bf5+ $1 $16 {
[%emt 0:00:14] White is better.} Kf7 38. Bc8 Bxb4 39. Bxb7 a5 40. Bxc6 {
[%emt 0:00:06] Black must now prevent Bd5+.} Bxc5 41. Bd5+ Ke7 42. h4 Be3 43. Kf5 Bc1 44. Bc4 {
[%emt 0:00:04] White is more active.} Bd2 45. h5 {[%emt 0:00:
38] Weighted Error Value: White=0.15 (very precise) /Black=0.17 (very precise)}
1/2-1/2

[Event "44th Chess Olympiad Open 2022"]
[Site "Chennai"]
[Date "2022.08.06"]
[Round "8.15"]
[White "Schitco, Ivan"]
[Black "Vocaturo, Daniele"]
[Result "1/2-1/2"]
[WhiteElo "2490"]
[BlackElo "2616"]
[Annotator "TA"]
[PlyCount "68"]
[EventDate "2022.??.??"]
[TimeControl "60"]

1. c4 c5 2. Nf3 Nc6 3. d4 cxd4 4. Nxd4 Nf6 5. Nc3 e6 6. e4 Bb4 7. Nxc6 bxc6 8. Bd3 e5 9.
O-O O-O 10. h3 $1 {[%emt 0:00:04] is
currently scoring better than 10.Bg5. B44: Sicilian: Taimanov: 5 Nb5.} d6 11. Na4 Ba5 12. a3 {[%emt 0:
00:00] The position is equal.} Bc7 13. Qf3 h6 14. b4 Be6 15. Be3 {[%emt 0:
00:00] [#]} Kh8 $146 ({Predecessor:} 15... Nd7 16. Rfd1 Nb6
17. Nb2 Nd7 18. Rac1 Qe7 19. Qe2 Bb6 20. Na4 Bxe3 21. Qxe3 Rfd8 {1-0 (35)
Oparin,G (2652)-Fier,A (2560) Chess.com INT 2020}) 16. Qe2 g5 17. g4 Rg8 18. f3 Nd7 19. b5 Ba5 20.
c5 ({White should try} 20. bxc6 $11 Nb8 21. Rac1) 20... cxb5
$15 21. Bxb5 {[%emt 0:00:34] [#] And now Rfd1 would win.} Nxc5 22. Nxc5 dxc5 23. Rac1 {
[%emt 0:04:01] Inhibits Bc3.} Bb6 24. Bc4 Qe7 25. Bxe6 Qxe6 26. Bxc5 Rgc8 27. Bxb6 axb6 28. Qb2 Qd6 {[%emt 0:04:55] White should prevent ...
Rxc1.} 29. Rb1 Rc6 30. Rfd1 (30. Rbd1 $11 Qc5+ 31. Kg2) 30... Qf6 ({Much weaker is} 30...
Qc5+ $6 31. Kg2 Qc2+ 32. Rd2 Qxb2 33. Rdxb2 $11) (30... Qxa3 $17 31. Kg2 (31.
Qxe5+ Kg8 $17) 31... Qe7) 31. Kg2 $11 Rac8 {[%emt 0:04:07] [#]
Threatens to win with ...Rc2+.} 32. Rbc1 {[%emt 0:00:17] Prevents Rc2+.} Rxc1 33. Rxc1 Rc3 34. Rc2 $4 (34.
Qxc3 $18 Kg7 35. Rb1) 34... Rxc2+ $2 {[%emt 0:00:31] Weighted Error Value:
White=0.45/Black=0.13 (very precise)} ({Better is} 34... Qxf3+ $19 35. Kh2 Qf4+
36. Kg1 Rxh3) 1/2-1/2

[Event "44th Chess Olympiad Open 2022"]
[Site "Chennai"]
[Date "2022.08.06"]
[Round "8.15"]
[White "Hamitevici, Vladimir"]
[Black "Sonis, Francesco"]
[Result "1-0"]
[WhiteElo "2473"]
[BlackElo "2543"]
[Annotator "RC"]
[PlyCount "105"]
[EventDate "2022.??.??"]
[TimeControl "60"]

1. d4 Nf6 2. c4 e6 3. Nc3 Bb4 4. Nf3 d5 5. Qa4+ Nc6 6. e3 O-O 7. Qc2 b6 8. Bd2 Na5 9. c5 bxc5 10. a3 cxd4 11. axb4 dxc3 12. Bxc3 Nb7 13. Bd3 Nd6 14. O-O Bd7 15. Bxf6 gxf6 16. Bxh7+ Kg7 17. Bd3 e5 18. Nd2 c6 19. Ra6 Qb8 20. Qc5 e4 21. Be2 Rh8 22. f4 exf3 23. Rxf3 Rh6 24. Rg3+ Kh8 25. Bd3 Nb7 26. Qd4 Nd8 27. Nf3 Bc8 28. Ra4 Ne6 29. Qc3 Qb6 30. Bc2 Ng7 31. Nd4 Nh5 32. Rf3 Bg4 33. Rf2 Rg8 34. Qxc6 Qb8 35. Bf5 Bxf5 36. Nxf5 Rh7 37. Qd6 Qc8 38. Ra1 Qb7 39. Rc1 Qb5 40. Qc5 Qb8 41. Qd6 Qb5 42. Rd1 a5 43. bxa5 Qxa5 44. b4 Qa3 45. Rxd5 Qc3 46. Rdd2 Ng7 47. Nxg7 Rhxg7 48. Qd4 Qxd4 49. Rxd4 Rg6 50. b5 Rb8 51. Rb4 Rb6 52. Rf5 Rg8 53. Rh4+ 1-0

[Event "44th Chess Olympiad Open 2022"]
[Site "Chennai"]
[Date "2022.08.06"]
[Round "8.16"]
[White "Quesada Perez, Luis Ernesto"]
[Black "Fluvia Poyatos, Jordi"]
[Result "1-0"]
[WhiteElo "2549"]
[BlackElo "2451"]
[Annotator "RC"]
[PlyCount "85"]
[EventDate "2022.??.??"]
[TimeControl "60"]

1. d4 Nf6 2. Bg5 Ne4 3. Bf4 d5 4. e3 e6 5. Bd3 Nf6 6. Nd2 c5 7. c3 Nc6 8. Ngf3 Be7 9. Ne5 Nd7 10. h4 cxd4 11. exd4 Ncxe5 12. dxe5 Qc7 13. Nf3 Nc5 14. Bc2 Bd7 15. O-O h6 16. Re1 Bc6 17. h5 Qb6 18. Rb1 Ne4 19. Nd4 Bc5 20. Qg4 Bxd4 21. cxd4 O-O-O 22. Be3 Qc7 23. a4 Qe7 24. b4 Nc3 25. Rb3 Nxa4 26. b5 Bd7 27. Ra1 Nb6 28. Rxa7 Kb8 29. Ra1 Nc4 30. Bd3 Nxe3 31. fxe3 b6 32. Rba3 Bc8 33. Ra8+ Kc7 34. Qe2 Bb7 35. Qc2+ Kd7 36. R1a7 Ke8 37. Rxd8+ Kxd8 38. Qc3 Qc7 39. Qb4 Kd7 40. Ra1 Rc8 41. Rf1 Ke8 42. Bg6 Rd8 43. Rf4 1-0